Map: Cerulean Fall LE

Players

soul - Winner!

  • Race: Terran Terran
  • Spawn Location: 7:00

HellraiseR

  • Race: Protoss Protoss
  • League: Master
  • Spawn Location: 1:00

Event: HomeStory Cup XVIII

VOD

Have the link to the VOD?

Description

Time

  • Played on: Nov. 23, 2018, 9:59 a.m.
  • Length: 16:22

All games in this series

Show
View Real Time Build Order
Export as new Build Order

soul Terran - Winner!

Build Orders: Reaper Expand 

Get SALT Encoding   

  12  0:00  SCV  
  13  0:12  SCV  
  14  0:18  Supply Depot  
  14  0:24  SCV  
  15  0:39  SCV  
  15  0:41  Barracks  
  16  0:44  Refinery  
  16  0:51  SCV  
  17  1:03  SCV  
  18  1:18  SCV  
  19  1:28  Reaper  
  19  1:30  Orbital Command  
  20  1:42  Command Center  
  20  1:54  Barracks  
  20  1:57  SCV  
  21  2:02  Barracks Reactor  
  21  2:09  Supply Depot  
  21  2:10  SCV  
  21  2:15  Refinery  
  22  2:22  SCV  
  23  2:29  Factory  
  23  2:34  SCV  
  24  2:40  Marine x2  
  24  2:43  Barracks Tech Lab  
  26  2:46  SCV  
  27  2:57  Marine  
  28  2:58  Marine  
  28  2:59  Orbital Command  
  28  3:03  SCV  
  30  3:05  Stimpack  
  30  3:16  SCV  
  30  3:17  Marine  
  32  3:20  Starport  
  32  3:21  Factory Reactor  
  32  3:25  SCV  
  32  3:29  Marine x2  
  32  3:32  SCV  
  35  3:35  Marine  
  35  3:37  SCV  
  37  3:42  Supply Depot  
  37  3:45  SCV  
  37  3:46  Marine  
  37  3:47  Marine  
  40  3:49  SCV  
  40  3:53  Marine  
  42  3:57  SCV  
  44  4:04  Marine, Medivac x2  
  44  4:06  Marine  
  44  4:09  SCV  
  51  4:11  Supply Depot, Marine  
  51  4:12  SCV  
  51  4:16  Engineering Bay  
  52  4:19  Supply Depot  
  52  4:22  Marine, SCV  
  54  4:33  Marine x2, SCV  
  54  4:34  SCV  
  54  4:35  Supply Depot  
  60  4:38  Widow Mine  
  60  4:40  Marine  
  60  4:41  Medivac  
  60  4:44  Terran Infantry Weapons Level 1  
  63  4:48  SCV x2  
  63  4:51  Marine  
  66  4:52  Marine  
  66  4:54  Missile Turret  
  66  4:58  Marine  
  66  4:59  Refinery  
  68  5:00  SCV x2  
  68  5:06  Combat Shield  
  70  5:09  Factory Tech Lab, Barracks  
  70  5:12  SCV  
  71  5:14  Supply Depot  
  71  5:19  SCV  
  72  5:23  Marine x2  
  72  5:24  Refinery, SCV  
  75  5:31  Marauder, SCV  
  78  5:36  SCV  
  78  5:37  Supply Depot  
  79  5:46  Factory Tech Lab, SCV  
  79  5:48  SCV  
  81  5:50  Marine  
  81  5:52  Marauder  
  81  5:54  Command Center  
  83  5:58  SCV  
  83  6:01  Supply Depot  
  83  6:02  SCV  
  85  6:08  Medivac  
  85  6:09  Barracks  
  85  6:10  Medivac, Barracks  
  90  6:11  SCV  
  90  6:15  Siege Tank  
  93  6:19  Concussive Shells  
  93  6:22  SCV  
  93  6:23  Liberator  
  93  6:25  Marine, Marauder  
  95  6:31  SCV  
  95  6:32  Supply Depot  
  96  6:34  Marauder  
  96  6:37  Liberator  
  96  6:39  Bunker  
  98  6:40  Bunker  
  98  6:42  SCV  
  102  6:48  Terran Infantry Armor Level 1  
  106  6:54  SCV x2  
  106  6:57  Supply Depot  
  106  6:58  Supply Depot  
  106  7:01  Barracks Reactor, Barracks Tech Lab  
  107  7:02  Marine  
  107  7:04  Barracks Reactor  
  107  7:06  Marine, Marauder, SCV x2  
  112  7:12  Marauder  
  114  7:17  Orbital Command  
  114  7:19  SCV x2  
  114  7:20  Marine  
  114  7:22  Liberator  
  117  7:23  Marauder  
  117  7:25  Siege Tank  
  117  7:26  Liberator  
  117  7:28  Marauder  
  123  7:31  SCV  
  123  7:32  SCV  
  123  7:33  Marauder  
  132  7:44  SCV x2  
  132  7:45  Marauder  
  132  7:47  Supply Depot, Refinery x2  
  132  7:48  Supply Depot  
  132  7:51  SCV  
  137  7:54  Sensor Tower  
  137  7:55  Marauder, Marine  
  137  7:56  SCV  
  141  7:59  Missile Turret  
  141  8:01  Marine, Marauder  
  144  8:06  Marauder  
  144  8:09  SCV x2  
  144  8:10  Marine  
  149  8:16  Factory Reactor, Marauder  
  149  8:19  SCV  
  152  8:22  Marauder  
  152  8:23  Marine, Liberator  
  152  8:24  Marine x2  
  152  8:26  SCV  
  158  8:27  Marine  
  158  8:28  Marauder  
  161  8:38  Marauder  
  161  8:41  Command Center  
  165  8:46  Armory  
  165  8:47  Engineering Bay  
  165  8:48  Supply Depot  
  165  8:53  Marine  
  165  9:02  Liberator  
  165  9:05  Starport  
  165  9:08  Fusion Core  
  165  9:10  Marine, Marauder x2, SCV x3  
  165  9:15  Supply Depot, Marine  
  173  9:20  Marauder  
  173  9:26  Marine  
  173  9:27  SCV x2  
  173  9:29  Marine  
  162  9:31  Marauder x2, SCV  
  162  9:38  Terran Infantry Armor Level 2  
  167  9:39  SCV x2  
  167  9:41  Marauder  
  167  9:43  SCV  
  167  9:44  Terran Infantry Weapons Level 2  
  172  9:51  Marine, SCV  
  170  9:53  Marauder x2  
  170  9:55  Planetary Fortress  
  170  9:59  Sensor Tower  
  174  10:01  Terran Vehicle And Ship Armor Level 1  
  174  10:02  Marauder  
  174  10:03  Advanced Ballistics  
  174  10:05  SCV  
  177  10:08  Marine  
  177  10:09  SCV  
  177  10:14  Marine, Marauder x2  
  177  10:16  Liberator x2, SCV  
  183  10:24  Marauder  
  187  10:36  Marauder x2  
  187  10:37  Marine x4  
  195  10:49  Supply Depot  
  195  10:50  Supply Depot  
  195  10:51  Ghost Academy  
  195  10:55  Marine  
  196  11:03  Command Center  
  195  11:05  Starport  
  195  11:11  Marauder x2, Barracks  
  199  11:12  Refinery x2, Barracks  
  199  11:13  Barracks  
  199  11:20  Liberator  
  199  11:34  Liberator  
  199  11:39  Ghost x3  
  194  11:41  Command Center  
  194  11:43  Sensor Tower  
  200  11:59  Command Center  
  200  12:02  Missile Turret, Terran Infantry Weapons Level 3  
  200  12:03  Terran Ship Weapons Level 1  
  200  12:04  Missile Turret  
  200  12:05  Missile Turret  
  200  12:07  Missile Turret  
  200  12:10  Liberator  
  200  12:15  Liberator  
  200  12:22  Liberator  
  196  12:23  Liberator  
  196  12:26  Liberator  
  199  12:35  Marine, Marauder  
  199  12:36  Marauder x2  
  183  12:53  Liberator  
  183  12:56  Barracks Tech Lab x2  
  183  12:57  Marauder x3  
  175  12:58  Liberator  
  175  13:01  Barracks Tech Lab  
  175  13:05  Planetary Fortress, Liberator  
  175  13:11  Planetary Fortress  
  175  13:12  Liberator  
  172  13:15  Command Center  
  172  13:17  Ghost  
  172  13:18  Marauder  
  172  13:19  Marine, Marauder x3  
  190  13:36  Ghost  
  190  13:40  Marauder x2  
  194  13:43  Terran Infantry Armor Level 3  
  194  13:45  Marine, Marauder  
  194  13:59  Command Center  
  182  14:06  Command Center  
  163  14:29  Marine, Marauder  
  170  14:32  Ghost x2, Marine  
  170  14:33  Marauder  
  170  14:35  Marine x3, Marauder  
  158  14:46  Viking x5  
  158  14:47  Marine  
  158  14:50  Marine x2  
  158  14:51  Planetary Fortress  
  170  14:52  Marine  
  170  14:53  Marine  
  175  15:04  Ghost x3  
  175  15:05  Ghost x2  
  179  15:08  Marauder  
  181  15:16  Viking  
  183  15:27  Viking  
  183  15:28  Viking x2  
  189  15:29  Viking  
  189  15:30  Marauder  
  189  15:34  Marauder x2  
  197  15:36  Barracks  
  197  15:37  Barracks  
  197  15:39  Barracks x2  
Show
View Real Time Build Order
Export as new Build Order

HellraiseR Protoss 

Build Orders: 1 Gate Expand, Colossus Rush 

Get SALT Encoding   

  12  0:00  Probe  
  13  0:13  Probe  
  14  0:17  Pylon  
  14  0:22  Probe  
  15  0:31  Probe  
  15  0:36  Gateway  
  15  0:42  Probe  
  16  0:45  Assimilator  
  17  0:54  Probe  
  18  1:06  Probe  
  19  1:20  Nexus  
  19  1:23  Probe  
  20  1:32  Cybernetics Core  
  20  1:35  Probe  
  21  1:40  Assimilator  
  21  1:47  Probe  
  21  1:52  Pylon  
  22  1:56  Probe  
  22  2:01  Adept  
  23  2:05  Probe  
  23  2:10  Warp Gate  
  23  2:15  Probe  
  27  2:27  Probe, Stalker  
  30  2:30  Probe  
  31  2:38  Probe  
  31  2:39  Probe  
  33  2:47  Probe  
  34  2:51  Probe  
  34  2:54  Robotics Facility  
  35  2:59  Probe  
  36  3:05  Probe  
  36  3:11  Probe  
  38  3:15  Gateway  
  38  3:17  Gateway  
  38  3:18  Probe  
  39  3:23  Probe  
  39  3:25  Pylon  
  40  3:30  Probe  
  40  3:32  Assimilator  
  40  3:34  Observer  
  41  3:35  Probe  
  43  3:42  Probe  
  43  3:43  Robotics Bay  
  43  3:47  Probe  
  45  3:49  Assimilator  
  45  3:52  Pylon  
  45  3:54  Observer, Probe  
  46  3:59  Probe  
  48  4:06  Probe  
  48  4:07  Pylon  
  49  4:11  Probe  
  49  4:12  Sentry, Stalker  
  49  4:14  Observer, Stalker  
  57  4:18  Probe  
  57  4:23  Colossus, Probe  
  59  4:29  Pylon  
  59  4:30  Probe  
  60  4:35  Probe  
  67  4:40  Forge  
  67  4:44  Twilight Council  
  67  4:48  Stalker  
  69  5:00  Stalker x2  
  69  5:07  Protoss Ground Weapons Level 1  
  73  5:10  Extended Thermal Lance  
  73  5:11  Warp Prism, Probe  
  73  5:12  Blink  
  76  5:28  Nexus  
  76  5:30  Pylon  
  76  5:38  Probe  
  77  5:49  Pylon  
  78  5:55  Pylon  
  78  5:57  Pylon  
  76  6:02  Colossus  
  76  6:07  Probe  
  77  6:11  Probe  
  77  6:12  Gateway  
  77  6:13  Gateway  
  77  6:15  Gateway  
  78  6:19  Zealot, Probe  
  81  6:32  Probe x2  
  83  6:34  Pylon  
  83  6:38  Nexus  
  83  6:39  Pylon  
  83  6:41  Sentry  
  83  6:42  Sentry, Stalker  
  89  6:48  Probe x2  
  91  7:00  Colossus, Protoss Ground Armor Level 1, Probe  
  92  7:02  Photon Cannon  
  99  7:13  Stalker x5  
  109  7:21  Charge  
  107  7:44  Pylon  
  107  7:46  Nexus, Immortal  
  107  7:48  Probe x2  
  113  8:00  Probe x2  
  115  8:08  Zealot x5  
  125  8:13  Probe, Templar Archives  
  126  8:24  Pylon  
  126  8:29  Pylon, Protoss Ground Weapons Level 2  
  126  8:32  Pylon  
  126  8:35  Pylon  
  126  8:41  Gateway  
  126  8:46  Pylon, Gateway  
  126  8:47  Immortal  
  126  9:00  Probe x2  
  126  9:01  Probe  
  133  9:12  Probe  
  133  9:13  Probe x2  
  133  9:16  Zealot x3  
  142  9:17  Zealot  
  142  9:20  Pylon  
  131  9:34  Pylon  
  131  9:35  Pylon  
  131  9:38  Nexus  
  130  9:40  High Templar x4  
  130  9:43  High Templar  
  130  9:44  High Templar  
  142  9:45  Archon  
  142  9:47  Archon  
  142  9:49  Archon  
  138  9:55  Nexus  
  138  9:58  Zealot x2  
  140  10:04  Immortal  
  141  10:15  Zealot x5  
  151  10:28  Zealot x3  
  143  10:37  Protoss Ground Armor Level 2  
  143  10:44  Pylon, Nexus, High Templar  
  143  10:45  High Templar x2  
  147  10:51  Pylon, Archon  
  147  10:55  Probe  
  148  11:08  Warp Prism, High Templar  
  152  11:13  Archon  
  152  11:18  Stalker x2  
  156  11:21  Zealot  
  157  11:41  Observer  
  157  11:43  Stalker x4  
  165  11:47  Zealot  
  167  11:56  Pylon, Probe  
  168  12:09  High Templar x2, Forge, Zealot  
  168  12:13  Zealot, Archon  
  175  12:23  High Templar x2  
  175  12:24  Zealot x2  
  175  12:27  Archon  
  137  12:41  Sentry  
  137  12:42  High Templar, Zealot x2  
  123  12:46  Zealot  
  125  12:53  Protoss Ground Armor Level 3  
  107  12:58  Stalker  
  107  12:59  Stalker  
  110  13:10  High Templar  
  110  13:11  Zealot x3  
  117  13:18  Archon  
  116  13:20  Zealot x2  
  120  13:30  Zealot x2  
  122  13:40  Zealot x2  
  122  13:41  Zealot  
  128  13:47  Zealot x2  
  130  13:52  Zealot  
  130  13:53  Sentry  
  129  14:06  Zealot  
  102  14:26  Stalker x3  
  108  14:36  Zealot x3  
  114  14:51  Stalker  
  114  14:52  Stalker  
  116  15:08  High Templar x2  
  116  15:09  Zealot x2  
  116  15:12  Archon  
  124  15:25  Stalker  
  124  15:27  Stalker  
  128  15:29  Stalker x2  
  128  15:34  Probe  
  133  15:36  Probe  
  133  15:40  Probe  
  135  15:46  Probe  
  136  15:55  Stalker x3  
  140  16:01  Stalker x2  
  97  16:13  Stalker  
Tags
 
Add a new tag
Caveats
  • Supply blocks, unpowered buildings, or Contaminate may cause inaccurate times.
  • Supply counts are checked every 10 seconds.